 Dungeon Crawl Stone Soup version 0.29.1-15-g9cfb28693d (webtiles) character file.

Game seed: 614094337112926778

405 sentinel the Magician (level 7, -3/53 HPs)
             Began as a Meteoran Earth Elementalist on Aug 20, 2023.
             Slain by a bullfrog (4 damage)
             ... on level 8 of the Dungeon.
             The game lasted 00:03:42 (619 turns).

sentinel the Magician (Meteoran Earth Elementalist)  Turns: 619, Time: 00:03:43

Health: -3/53      AC:  3    Str:  9    XL:     7   Next: 34%
Magic:  2/16       EV: 12    Int: 24    God:
Gold:   0          SH:  0    Dex: 16    Spells: 10/16 levels left

rFire   . . .      SeeInvis .   m - staff of earth {!a}
rCold   . . .      Faith    .   (no shield)
rNeg    . . .      Spirit   .   a - +0 robe
rPois   .          Reflect  .   (no helmet)
rElec   .          Harm     .   (no cloak)
rCorr   .          Rampage  .   d - +0 pair of gloves
Will    +....                   (no boots)
Stlth   +.........              (no amulet)
HPRegen 0.17/turn               o - +6 ring of intelligence
MPRegen 0.15/turn               p - ring of willpower

@: glowing
A: sense surroundings 1, otherworldly, glowing, explore regen
a: no special abilities


You were on level 8 of the Dungeon.
You visited 1 branch of the dungeon, and saw 8 of its levels.

Inventory:

Armour
 a - a +0 robe (worn)
 d - a +0 pair of gloves (worn)
Magical Staves
 m - a staff of earth (weapon) {!a}
Jewellery
 o - a +6 ring of intelligence (left hand)
 p - a ring of willpower (right hand)
Scrolls
 c - a scroll of silence {!r}
 e - a scroll of vulnerability {unknown}
 h - 2 scrolls of fog {unknown}
 i - a scroll of enchant weapon {unknown}
 n - 2 scrolls of immolation {unknown}
 q - a scroll of summoning {unknown}
 t - 2 scrolls of teleportation
Potions
 b - a potion of magic
 f - a potion of attraction {unknown}
 g - a potion of heal wounds {unknown}
 j - a potion of flight {unknown}
 l - a potion of haste {unknown}


   Skills:
 + Level 1.7 Fighting
 - Level 2.4 Dodging
 - Level 1.4 Stealth
 + Level 5.4 Spellcasting
 - Level 5.0 Conjurations
 - Level 1.2 Transmutations
 - Level 5.0 Earth Magic


You had 10 spell levels left.
You knew the following spells:

 Your Spells              Type           Power      Damage    Failure   Level
a - Sandblast             Erth           90%        2d19      1%          1
h - Stone Arrow           Conj/Erth      90%        3d12      3%          3
j - Passwall              Tmut/Erth      26%        N/A       3%          2

Your spell library contained the following spells:

 Spells                   Type           Power      Damage    Failure   Level
 Petrify                  Tmut/Erth      32%        N/A       24%         4


Dungeon Overview and Level Annotations

Branches:
Dungeon (9/15) Zot: 4155
 Temple: D:4-7         Lair: D:8-11         Orc: D:9-12

Altars:
Xom
The Shining One

Shops:
D:5 (


Innate Abilities, Weirdness & Mutations

You passively map a small area around you.
You are easily found by Zot.
You glow in the dark.
You regain HP and MP as you explore.


Message History

You climb downwards.
The white imp shouts!
Found a stone staircase leading up.
There is a stone staircase leading up here.
You feel a surge of power!
The blast of sand hits the white imp.
The white imp is moderately wounded.
The white imp gestures at you. The puff of frost hits you!
Casting: Sandblast (safe; 1% risk of failure)
Confirm with . or Enter, or press ? or * to list all spells.
Aiming: Stone Arrow (dangerous; 4% risk of failure)
Press: ? - help, Shift-Dir - straight line, f/p - white imp
Aim: a white imp (lightly wounded, 76% to hit)
You feel a surge of power!
The stone arrow hits the white imp.
The white imp is moderately wounded.
Casting: Stone Arrow (dangerous; 4% risk of failure)
Confirm with . or Enter, or press ? or * to list all spells.
Aiming: Stone Arrow (dangerous; 4% risk of failure)
Press: ? - help, Shift-Dir - straight line, f/p - white imp
Aim: a white imp (moderately wounded, 76% to hit)
You feel a surge of power!
The stone arrow hits the white imp!!
You kill the white imp!
Found a dagger.
You open the door.
Found a scroll labelled PIOCLO CUETA.
Found an escape hatch in the floor.
There is an open door here.
Found a glowing ring mail.
e - a scroll labelled PIOCLO CUETA As you open the door, it creaks loudly!
Found a pair of gloves.
There is an open door here.
Casting: Stone Arrow (dangerous; 4% risk of failure)
Confirm with . or Enter, or press ? or * to list all spells.
You don't know that spell.
Unknown command.
Found an escape hatch in the ceiling.
A sourceless malevolence fills the Dungeon...
You fall into a shaft and drop 3 floors!
The shaft crumbles and collapses.
Found a scroll labelled YSIHOE YMAQEZ, a glowing falchion and 6 stones.
A water moccasin comes into view.
The water moccasin hisses angrily.
Casting: Stone Arrow (dangerous; 4% risk of failure)
Confirm with . or Enter, or press ? or * to list all spells.
Aiming: Stone Arrow (dangerous; 4% risk of failure)
Press: ? - help, Shift-Dir - straight line, f - water moccasin
Aim: a water moccasin (60% to hit)
You feel a surge of power!
The stone arrow hits the water moccasin!
The water moccasin is moderately wounded.
Casting: Stone Arrow (dangerous; 4% risk of failure)
Confirm with . or Enter, or press ? or * to list all spells.
Aiming: Stone Arrow (dangerous; 4% risk of failure)
Press: ? - help, Shift-Dir - straight line, f/p - water moccasin
Aim: a water moccasin (moderately wounded, 60% to hit)
You feel a surge of power!
The stone arrow hits the water moccasin!
The water moccasin is almost dead.
Casting: Stone Arrow (dangerous; 4% risk of failure)
Confirm with . or Enter, or press ? or * to list all spells.
Aiming: Stone Arrow (dangerous; 4% risk of failure)
Press: ? - help, Shift-Dir - straight line, f/p - water moccasin
Aim: a water moccasin (almost dead, 60% to hit)
You feel a surge of power!
The stone arrow hits the water moccasin!!
You kill the water moccasin!
Training target 5.0 for Conjurations reached!
Your Conjurations skill increases to level 5!
You need to enable at least one skill for training.
You have reached level 7!
Found 8 gold pieces.
Found a scroll labelled QOERU XONN.
n - 2 scrolls labelled YSIHOE YMAQEZ (gained 1)
Found 5 stones.
h - 2 scrolls labelled QOERU XONN (gained 1)
Found 14 gold pieces.
Magic restored.
Found a stone staircase leading up.
Found a stone staircase leading up.
Found an inky potion.
There is a stone staircase leading up here.
You climb upwards.
Found an emerald potion.
There is a stone staircase leading down here.
You open the door.
A bullfrog comes into view.
You feel a surge of power!
The blast of sand hits the bullfrog!
The bullfrog is heavily wounded.
You feel a surge of power!
The blast of sand hits the bullfrog!!
You kill the bullfrog!
Your Fighting skill increases to level 1!
Found a rapier.
j - an emerald potion You open the door.
There is an open door here.
You open the door.
There is an open door here.
Found 12 gold pieces.
Really walk into that teleport trap?
You enter a teleport trap!
The teleport trap disappears.
Your surroundings suddenly seem different.
A bullfrog and a sky beast come into view.
Found a glowing dagger.
Found an escape hatch in the floor.
Casting: Sandblast (safe; 1% risk of failure)
Confirm with . or Enter, or press ? or * to list all spells.
Aiming: Stone Arrow (dangerous; 3% risk of failure)
Press: ? - help, Shift-Dir - straight line, f - sky beast
Aim: a sky beast (67% to hit)
You feel a surge of power!
The stone arrow misses the sky beast.
The bullfrog croaks.
The sky beast hits you. The sky beast shocks you.
Casting: Stone Arrow (dangerous; 3% risk of failure)
Confirm with . or Enter, or press ? or * to list all spells.
Aiming: Stone Arrow (dangerous; 3% risk of failure)
Press: ? - help, Shift-Dir - straight line, f/p - sky beast
Aim: a sky beast (67% to hit)
You feel a surge of power!
The stone arrow hits the sky beast!!
The sky beast is almost dead.
The bullfrog hits you.
A jelly comes into view.
The sky beast hits you. The sky beast shocks you.
Casting: Stone Arrow (dangerous; 3% risk of failure)
Confirm with . or Enter, or press ? or * to list all spells.
Aiming: Stone Arrow (dangerous; 3% risk of failure)
Press: ? - help, Shift-Dir - straight line, f/p - sky beast
Aim: a sky beast (almost dead, 67% to hit)
You feel a surge of power!
The stone arrow misses the sky beast.
The bullfrog hits you. x2; The sky beast flickers out of sight!
Deactivating autopickup; reactivate with Ctrl-A.
Something hits you. Something shocks you.
Casting: Stone Arrow (dangerous; 3% risk of failure)
Confirm with . or Enter, or press ? or * to list all spells.
Aiming: Stone Arrow (dangerous; 3% risk of failure)
Press: ? - help, Shift-Dir - straight line, f - bullfrog
Aim: a bullfrog (70% to hit)
You feel a surge of power!
The stone arrow misses the bullfrog.
The bullfrog hits you. The jelly hits you.
You are splashed with acid!
* * * LOW HITPOINT WARNING * * *
Something barely misses you.
HP warning!
Casting: Stone Arrow (dangerous; 3% risk of failure)
Confirm with . or Enter, or press ? or * to list all spells.
Aiming: Stone Arrow (dangerous; 3% risk of failure)
Press: ? - help, Shift-Dir - straight line, f/p - bullfrog
Aim: a bullfrog (70% to hit)
You feel a surge of power!
The stone arrow misses the bullfrog.
The bullfrog hits you.
* * * LOW HITPOINT WARNING * * *
The bullfrog hits you.
You die...

* * ##
#.####### ,
..##.......
, ,
*#.#.......
* ,
#........ *
* #.......
,+...... ,
* #...)J# *
, +..>F@# ,
#....{# *,
#.......# *
*#.#.#####
*,* # # * ,
*, ,* *, *
, * * ,


You could see a bullfrog and a jelly.

Vanquished Creatures
  Menkaure (D:5)
  A water moccasin (D:9)
  A bullfrog (D:8)
  Natasha (twice) (D:4)
  2 adders
  A white imp (D:6)
  2 dart slugs
  4 orcs (D:4)
  A bat (D:1)
  2 hobgoblins
  6 jackals
  A quokka (D:1)
  3 ball pythons
  2 frilled lizards
  3 goblins
  3 rats
35 creatures vanquished.

Notes
Turn   | Place    | Note
-------+----------+-------------------------------------------
     0 | D:1      | sentinel the Meteoran Earth Elementalist began the quest
                  | for the Orb.
     0 | D:1      | Reached XP level 1. HP: 14/14 MP: 5/5
    29 | D:1      | Reached XP level 2. HP: 14/20 MP: 2/6
   149 | D:2      | Reached XP level 3. HP: 26/26 MP: 5/8
   154 | D:2      | Learned a level 2 spell: Passwall
   158 | D:2      | Learned a level 3 spell: Stone Arrow
   179 | D:3      | Found a glowing golden altar of the Shining One.
   179 | D:3      | Found a shimmering altar of Xom.
   249 | D:4      | Reached skill level 5 in Earth Magic
   312 | D:4      | Noticed Natasha
   322 | D:4      | Killed Natasha
   323 | D:4      | Reached skill level 1 in Conjurations
   323 | D:4      | Reached XP level 4. HP: 6/33 MP: 0/10
   378 | D:5      | Entered Level 5 of the Dungeon
   378 | D:5      | Noticed an ogre
   397 | D:4      | Noticed Natasha
   400 | D:4      | Killed Natasha
   401 | D:4      | Reached XP level 5. HP: 31/38 MP: 8/11
   404 | D:5      | Found Moilugru's Antique Weapon Boutique.
   421 | D:5      | Noticed Menkaure
   424 | D:5      | Killed Menkaure
   425 | D:5      | Reached XP level 6. HP: 45/45 MP: 5/14
   449 | D:4      | Reached skill level 5 in Spellcasting
   520 | D:6      | You fall into a shaft and drop 3 floors!
   522 | D:9      | Noticed a water moccasin
   526 | D:9      | Killed a water moccasin
   527 | D:9      | Reached skill level 5 in Conjurations
   527 | D:9      | Reached XP level 7. HP: 51/51 MP: 5/15
   562 | D:8      | Reached skill level 1 in Fighting
   619 | D:8      | HP: 1/53 [bullfrog (5)]
   619 | D:8      | Slain by a bullfrog

Illustrated notes

Levels and vault maps discovered:
D:1:      saegor_arrival_miasma, layout_basic, hangedman_decor_clover_reticule,
          st_stairs_13
D:2:      cheibrodos_helix_gallery, layout_loops_ring
D:3:      layout_basic, mainiacjoe_overflow_six_doors_small,
          nicolae_ashenzari_skybound, mainiacjoe_overflow_cross_hatched,
          grunt_temple_overflow_open
D:4:      layout_loops_ring, hangedman_decor_growths, due_unseen_surprise,
          uniq_natasha
D:5:      black_bear_nest_1, layout_rooms, trog_three_pillars_becter,
          serial_shops, shop_coins, shop, uniq_menkaure
D:6:      layout_basic, lemuel_crystal_altar, amethyst_overflow_temple_binary,
          minmay_temple_entry_ruins, dk_noncrumbling_4
D:8:      layout_basic, nzn_hepliaklqana_mist_gate
D:9:      layout_cave_pools, zombieorc1_lemuel

Skill      XL: |  1  2  3  4  5  6  7 |
---------------+----------------------+-----
Earth Magic    | 4 5 |  5.0
Spellcasting   | 3 4 5 |  5.4
Conjurations   | 1 2 3 5 |  5.0
Fighting       | 1 |  1.7
Dodging        | |  2.4
Stealth        | |  1.4
Transmutations | |  1.2

Action                   |  1- 3 |  4- 6 |  7- 9 || total
-------------------------+-------+-------+-------++-------
Melee: Unarmed           |     1 |       |       ||     1
       Punch             |     1 |       |       ||     1
 Cast: Sandblast         |    37 |    14 |     2 ||    53
       Passwall          |     3 |     2 |       ||     5
       Stone Arrow       |       |     7 |     5 ||    12
  Use: Scroll            |       |     5 |       ||     5
Armor: Robe              |     7 |     2 |       ||     9
Dodge: Dodged            |    16 |     6 |     1 ||    23
